 Dungeon Crawl Stone Soup version 0.21.1-1-g345015f (webtiles) character file.

28 Inarius the Chiller (level 3, -2/21 HPs)
             Began as an Octopode Ice Elementalist on June 28, 2018.
             Slain by Natasha (10 damage)
             ... on level 2 of the Dungeon.
             The game lasted 00:02:30 (1148 turns).

Inarius the Chiller (Octopode Ice Elementalist)     Turns: 1148, Time: 00:02:31

Health: -2/21      AC:  1    Str:  7    XL:     3   Next: 14%
Magic:  3/6        EV: 12    Int: 18    God:
Gold:   60         SH:  3    Dex: 12    Spells: 5/6 levels left

rFire    . . .     SeeInvis .   c - +0 whip
rCold    . . .     Gourm    .   m - +0 buckler
rNeg     . . .     Faith    .   (helmet restricted)
rPois    .         Spirit   .   (no amulet)
rElec    .         Reflect  .   (no ring)
rCorr    .         Harm     .   (no ring)
MR       .....                  (no ring)
Stlth    +++.......             (no ring)
HPRegen  0.07/turn              (no ring)
MPRegen  0.10/turn              (no ring)
                                (no ring)
                                (no ring)

@: no status effects
A: almost no armour, stealthy swim, amphibious, 8 rings, constrict 8, camouflage
1, gelatinous body 1
a: no special abilities


You were on level 2 of the Dungeon.
You were not hungry.

You visited 1 branch of the dungeon, and saw 2 of its levels.

You collected 60 gold pieces.

Inventory:

Hand Weapons
 c - a +0 whip (weapon)
Armour
 m - a +0 buckler (worn)
Jewellery
 h - a cursed ring of loudness {unknown}
 k - an uncursed amulet of regeneration {unknown}
Scrolls
 d - a scroll of magic mapping {unknown}
 e - a scroll of identify {unknown}
 f - a scroll of noise {unknown}
 g - a scroll of enchant weapon {unknown}
 l - a scroll of enchant armour {unknown}
Potions
 i - 2 potions of curing
Books
 a - a book of Frost

   Spells                             Type                      Level
   a - Freeze                         Ice                          1
   b - Throw Frost                    Conjuration/Ice              2
   c - Ozocubu's Armour               Charms/Ice                   3
   d - Throw Icicle                   Conjuration/Ice              4
   e - Summon Ice Beast               Ice/Summoning                4
Comestibles
 b - 4 rations


   Skills:
 - Level 0.7 Maces & Flails
 + Level 2.0 Dodging
 + Level 3.4 Stealth
 + Level 2.2 Spellcasting
   Level 1.0 Conjurations
 * Level 3.5 Ice Magic


You had 5 spell levels left.
You knew the following spells:

 Your Spells              Type           Power        Failure   Level  Hunger
a - Freeze                Ice            ##..         7%          1    #......


Dungeon Overview and Level Annotations

Branches:
Dungeon (2/15)

Altars:

Annotations:
D:2 Natasha


Innate Abilities, Weirdness & Mutations

You cannot wear most types of armour.
You are very stealthy in the water. (Stealth+)
You are amphibious.
You can wear up to eight rings at the same time.
You can use your tentacles to constrict eight enemies at once.
Your skin changes colour to match your surroundings (Stealth+).
Your rubbery body absorbs attacks. (AC +1, EV +1)


Message History

Confirm with . or Enter, or press ? or * to list all spells.
Aiming: Freeze
Press: ? - help, Shift-Dir - straight line, f - Natasha
Aim: Natasha You freeze Natasha.
Natasha is moderately wounded.
Natasha hisses.
Natasha stares at you and mumbles some strange words.
You resist with significant effort.
Casting: Freeze
Confirm with . or Enter, or press ? or * to list all spells.
Aiming: Freeze
Press: ? - help, Shift-Dir - straight line, f/p - Natasha
Aim: Natasha (moderately wounded)
You freeze Natasha.
Natasha is heavily wounded.
Natasha closely misses you. The crimson imp hits you.
* * * LOW HITPOINT WARNING * * *
It was a potion of curing.
You feel better. Natasha claws you!
You die...

#.#.# .#.## #.#.#
....##### ##.#.#
......... ###....#
#.......# ......##
##.......# .......#
...(....# .##....#
#†).....#
.##....##########5.%....#
................@h.......
.###.#.############..####
.###.#.# ..# .....<.# .#
.....### .# .##### # .#
.# .#


You could see Natasha and a crimson imp.

Vanquished Creatures
  An ooze (D:2)
  A leopard gecko (D:1)
  A giant cockroach (D:1)
  6 hobgoblins
  A bat (D:1)
  A frilled lizard (D:1)
  5 goblins
  2 kobolds (D:1)
  4 rats
22 creatures vanquished.

Notes
Turn   | Place    | Note
-------+----------+-------------------------------------------
     0 | D:1      | Inarius the Octopode Ice Elementalist began the quest for the Orb.
     0 | D:1      | Reached XP level 1. HP: 11/11 MP: 3/3
   133 | D:1      | Reached XP level 2. HP: 6/17 MP: 1/5
  1135 | D:2      | Noticed Natasha
  1135 | D:2      | Reached XP level 3. HP: 21/21 MP: 4/6
  1148 | D:2      | Slain by Natasha

Skill      XL: |  1  2 |
---------------+-------+-----
Stealth        | 3 |  3.4
Maces & Flails | |  0.7
Dodging        | |  2.0
Spellcasting   | |  2.2
Conjurations   | |  1.0
Ice Magic      | |  3.5

Action                   || total
-------------------------++-------
Melee: Whip              ||    28
       Tentacles         ||     5
       Constrict         ||     4
       Unarmed           ||     1
 Cast: Freeze            ||    15
  Use: Potion            ||     1
 Stab: Sleeping          ||     5
  Eat: Chunk             ||     1
Armor: Skin              ||     1
Dodge: Dodged            ||    24
Block: Buckler           ||     2
